 Dungeon Crawl Stone Soup version 0.16.1-11-g651b585 (webtiles) character file.

178 PaulMcIcedTea the Skirmisher (level 5, 0/48 HPs)
             Began as a Hill Orc Abyssal Knight on Apr 2, 2015.
             Was a Believer of Lugonu.
             Slain by an orc
             ... wielding a +3 flail
              (3 damage)
             ... on level 4 of the Dungeon.
             The game lasted 00:13:08 (2912 turns).

PaulMcIcedTea the Skirmisher (HOAK)                 Turns: 2912, Time: 00:13:08

Health: 0/48       AC: 11    Str: 16    XL:     5   Next: 58%
Magic:  7/7        EV:  5    Int: 12    God:    Lugonu [**....]
Gold:   128        SH:  0    Dex: 10    Spells: 0 memorised, 4 levels left

rFire  . . .     SeeInvis .     a - +1 spear
rCold  . . .     Clarity  .     e - +0 plate armour
rNeg   . . .     SustAb   .     (no shield)
rPois  .         Gourm    .     (no helmet)
rElec  .         Spirit   .     (no cloak)
rCorr  .         Warding  .     (no gloves)
rMut   .         Stasis   .     (no boots)
MR     .....                    (no amulet)
Stlth  ..........               (no ring)
                                (no ring)

@: slowed, very slow, not resistant to hostile enchantments, extremely
unstealthy
A: no striking features
a: Depart the Abyss, Bend Space, Renounce Religion


You were on level 4 of the Dungeon.
You worshipped Lugonu.
Lugonu was pleased with you.
You were not hungry.

You visited 1 branch of the dungeon, and saw 4 of its levels.
You visited the Abyss 1 time.

You collected 128 gold pieces.

Inventory:

Hand weapons
 a - a +1 spear (weapon)
Armour
 b - a +0 leather armour
 e - a +0 plate armour (worn)
 f - a +0 ring mail
Scrolls
 d - a scroll of remove curse
 h - a scroll of blinking
Comestibles
 c - a meat ration
 g - a bread ration


   Skills:
 + Level 5.1 Fighting
 + Level 3.3 Polearms
 + Level 4.2 Armour
 + Level 0.8 Dodging
 + Level 2.6 Invocations


You had 4 spell levels left.
You didn't know any spells.

Dungeon Overview and Level Annotations

Branches:
Dungeon (4/15)
 Temple: D:4-7

Altars:
Ashenzari


Message History

The orc is moderately wounded.
The orc hits you but does no damage. Something hits you but does no damage.
The orc hits you with an enchanted flail.
You closely miss the orc.
The orc is moderately wounded.
Something hits you but does no damage. The orc hits you but does no damage.
You closely miss the orc wizard.
The orc wizard is almost dead.
The orc wizard gestures at you while chanting.
The magic dart hits you!
* * * LOW HITPOINT WARNING * * *
Something hits you but does no damage. The orc hits you with a flail.
* * * LOW HITPOINT WARNING * * *
The orc hits you but does no damage.
The orc wizard gestures wildly while chanting.
The orc wizard blinks!
You closely miss something. The orc hits you with a flail.
* * * LOW HITPOINT WARNING * * *
The orc hits you with an enchanted flail.
You die...

.##.......#####
###.........#
#.#######.## #.#
#...# ..# #...#
### #...# # #...#
####..#
#...####........
#####...#@{o....#
......o..ooo...#.#
......>.......#
..............#
#####...#.#####
#...#.. #...####
#...# #...#


You could see an orc wizard (inner flame) and 4 orcs.

Vanquished Creatures
  An orc priest (D:4)
  Natasha (D:3)
  3 adders (D:3)
  A giant mite (D:3)
  4 worms
  A giant gecko (D:3)
  8 orcs
  2 bats
  3 giant cockroaches (D:3)
  6 goblins
  5 hobgoblins
  8 jackals (D:2)
  3 kobolds (D:2)
  3 quokkas (D:3)
  3 ball pythons (D:3)
  2 giant newts
  6 rats
60 creatures vanquished.

Notes
Turn   | Place    | Note
--------------------------------------------------------------
     0 | Abyss:1  | PaulMcIcedTea, the Hill Orc Abyssal Knight, began the quest for the Orb.
     0 | Abyss:1  | Reached XP level 1. HP: 19/19 MP: 1/1
    20 | D:1      | Escaped the Abyss
   316 | D:1      | Reached skill level 4 in Fighting
   324 | D:1      | You fall through a shaft!
   345 | D:2      | Reached XP level 2. HP: 27/27 MP: 2/2
   772 | D:2      | Reached XP level 3. HP: 33/33 MP: 4/4
   862 | D:2      | Acquired Lugonu's second power
  1668 | D:3      | Noticed Natasha
  1684 | D:3      | Killed Natasha
  1684 | D:3      | Reached XP level 4. HP: 23/41 MP: 5/5
  1860 | D:3      | Found a shattered altar of Ashenzari.
  2478 | D:3      | Reached skill level 5 in Fighting
  2478 | D:3      | Reached XP level 5. HP: 43/48 MP: 7/7
  2912 | D:4      | Slain by an orc

Action                   |  1- 3 |  4- 6 || total
-------------------------+-------+-------++-------
Melee: Spear             |   170 |   190 ||   360
  Use: Scroll            |     4 |     1 ||     5
       Potion            |     3 |     1 ||     4
  Eat: Meat ration       |     1 |       ||     1
       Bread ration      |       |     1 ||     1
